 Dungeon Crawl Stone Soup version 0.20-a0-941-gba1b1f9 (webtiles) character file.

72 Alarkh the Skirmisher (level 4, 37/37 HPs)
             Began as a Demonspawn Monk on Mar 31, 2017.
             Got out of the dungeon alive.
             The game lasted 00:01:00 (879 turns).

Alarkh the Skirmisher (Demonspawn Monk)              Turns: 879, Time: 00:01:01

Health: 37/37      AC:  5    Str: 11    XL:     4   Next: 7%
Magic:  4/4        EV: 14    Int: 12    God:
Gold:   6          SH:  0    Dex: 16    Spells: 3/3 levels left

rFire    . . .     SeeInvis .     - Unarmed
rCold    . . .     Gourm    .   (no shield)
rNeg     . . .     Faith    .   a - +0 robe
rPois    .         Spirit   .   (no helmet)
rElec    .         Reflect  .   (no cloak)
rCorr    .         Harm     .   (no gloves)
MR       .....                  (no boots)
Stlth    +++.......             (no amulet)
Regen    0.2/turn               (no ring)
MPRegen  0.1/turn               (no ring)

@: no status effects
A: thin metallic scales 2, spiny 1
a: no special abilities


You escaped.
You were not hungry.

You visited 1 branch of the dungeon, and saw 1 of its levels.

You collected 6 gold pieces.

Inventory:

Armour
 a - a +0 robe (worn)
Scrolls
 e - a scroll of identify {unknown}
 f - a scroll of recharging {unknown}
Comestibles
 b - a bread ration
 d - 2 royal jellies


   Skills:
 - Level 4.0 Fighting
 - Level 3.6 Dodging
 - Level 3.6 Stealth
 + Level 3.3 Unarmed Combat


You had 3 spell levels left.
You didn't know any spells.

Dungeon Overview and Level Annotations

Branches:
Dungeon (1/15)

Altars:


Innate Abilities, Weirdness & Mutations

You are mostly covered in thin metallic scales. (AC +3)
You are partially covered in sharp spines.


Message History

c - 10 chunks of flesh (gained 1)
There is an open door here.
Items here: ) ÷÷ †† a club; a rat skeleton; a giant cockroach corpse; a jackal corpse a jackal skeleton
c - 11 chunks of flesh (gained 1)
There is an open door here.
Items here: ) ÷÷ † a club; a rat skeleton; a jackal corpse; a jackal skeleton
c - 13 chunks of flesh (gained 2)
There is an open door here.
Items here: ) ÷÷÷ a club; a rat skeleton; a jackal skeleton x2
You start resting.
Some of the chunks of flesh in your inventory have rotted away. x3
All of the chunks of flesh in your inventory have rotted away.
HP restored.
There is a staircase leading out of the dungeon here.
Are you sure you want to leave the Dungeon?
This will make you lose the game!
You have escaped!

#.########.##
#.####### #.# #..#
#.# #.# ##.# #.# #.#
#.## #.#
#.#########..######.#
#...................#
#..###'#######'###..#
#..#..⌠...>...⌠..#..#
#..#......@......#..#
#..+⌠....###....⌠+..#
#..#.............#..#
#..#######)#######..#
#..#.............#..#
#..#.............#..#
#..#.............#.##
#..###############.#
#..................#


There were no monsters in sight!

Vanquished Creatures
  A jelly (D:1)
  4 oozes (D:1)
  A dart slug (D:1)
  A leopard gecko (D:1)
  4 giant cockroaches (D:1)
  A goblin (D:1)
  A hobgoblin (D:1)
  2 jackals (D:1)
  A kobold (D:1)
  A frilled lizard (D:1)
  5 rats (D:1)
22 creatures vanquished.

Notes
Turn   | Place    | Note
-------+----------+-------------------------------------------
     0 | D:1      | Alarkh the Demonspawn Monk began the quest for the Orb.
     0 | D:1      | Reached XP level 1. HP: 19/19 MP: 1/1
     0 | D:1      | Noticed a jelly
     1 | D:1      | Found a runed door.
   270 | D:1      | Reached skill level 1 in Unarmed Combat
   353 | D:1      | Gained mutation: You are partially covered in thin metallic scales. (AC +2) [demonic ancestry]
   353 | D:1      | Reached XP level 2. HP: 25/25 MP: 2/2
   561 | D:1      | Gained mutation: You are partially covered in sharp spines. [demonic ancestry]
   561 | D:1      | Reached XP level 3. HP: 13/30 MP: 3/3
   587 | D:1      | Gained mutation: You are mostly covered in thin metallic scales. (AC +3) [demonic ancestry]
   587 | D:1      | Reached XP level 4. HP: 7/37 MP: 4/4
   879 | D:$      | Got out of the dungeon alive.

Vault maps used:
D:1:      dpeg_arrival_caged_fury

Skill      XL: |  1  2  3 |
---------------+----------+-----
Unarmed Combat | 1 2 3 |  3.3
Fighting       | |  4.0
Dodging        | |  3.6
Stealth        | |  3.6

Action                   |  1- 3 |  4- 6 || total
-------------------------+-------+-------++-------
Melee: Unarmed           |   119 |     4 ||   123
       Punch             |     1 |       ||     1
  Use: Potion            |     1 |       ||     1
 Stab: Sleeping          |     1 |       ||     1
Armor: Robe              |    16 |       ||    16
Dodge: Dodged            |    75 |     1 ||    76
